 Dungeon Crawl Stone Soup version 0.31-a0-963-ga325b2283a (webtiles) character file.

Game seed: 17642136813256599915

76876 Mgcat the Severer (level 15, -10/109 HPs)
             Began as an Octopode Fighter on Oct 23, 2023.
             Was an Initiate of Gozag.
             Mangled by an orc warrior
             ... wielding a +0 halberd
             ... led by an orc knight
              (17 damage)
             ... while paralysed by an orc sorcerer
             ... on level 2 of the Orcish Mines on Oct 25, 2023.
             The game lasted 01:06:01 (28847 turns).

Mgcat the Severer (Octopode Fighter)               Turns: 28847, Time: 01:06:01

Health: -10/109    AC:  3    Str: 32    XL:     15   Next: 55%
Magic:  15/15      EV:  2    Int: 13    God:    Gozag
Gold:   1834       SH:  0    Dex: 12    Spells: 14/14 levels left

rFire   + + .        A - +1 broad axe (elec)
rCold   + + +        Q - +4 tower shield {rC+}
rNeg    + . .        N - +2 hat
rPois   .            d - amulet of reflection
rElec   .            h - ring of resist corrosion
rCorr   +            q - ring "Enaom" {Str+5 SInv}
SInv    +            H - ring of Qankypou {*Slow rF+++ rCorr Dex+3}
Will    +....        g - ring of ice {rC+, rF-}
Stlth   +++++        b - +5 ring of evasion
HPRegen 0.38/turn    E - +6 ring of strength
MPRegen 0.14/turn    I - ring of positive energy {rN+}
                     P - ring of protection from cold {rC+, !d}

%: slow self (1%), reflection
@: paralysed, lethally poisoned (-10 -> -33), spiked, gold aura
A: almost no armour, amphibious, 8 rings, camouflage 1, gelatinous body 1,
(nimble swimmer 1), tentacles, clumsy 1
a: Renounce Religion, Potion Petition, Call Merchant, Bribe Branch


You were on level 2 of the Orcish Mines.
You worshipped Gozag.
Gozag was most pleased with you.
You visited 4 branches of the dungeon, and saw 19 of its levels.
You also visited: Gauntlet and Ice Cave.

You collected 5803 gold pieces.
You spent 1113 gold pieces at shops.
You paid 2856 gold pieces to Gozag.

Inventory:

Hand Weapons
 a - a +3 war axe of flaming
 y - a +2 hand axe of freezing
   (You took it off an orc priest on level 10 of the Dungeon)
 A - a +1 broad axe of electrocution (weapon)
   (You took it off an orc knight on level 1 of the Orcish Mines)
Missiles
 o - 85 stones (quivered)
 t - 4 throwing nets {=f, !d}
Armour
 N - a +2 hat (worn)
   (You found it on level 5 of the Lair of Beasts)
 Q - a +4 tower shield of cold resistance (worn)
   (You found it in an ice cave)
Jewellery
 b - a +5 ring of evasion (on tentacle)
   (You bought it in a shop on level 7 of the Dungeon)
 d - an amulet of reflection (around mantle)
   (You found it on level 4 of the Dungeon)
 g - a ring of ice (on tentacle) {rC+, rF-}
   (You found it on level 1 of the Dungeon)
 h - a ring of resist corrosion (left tentacle)
   (You found it on level 1 of the Dungeon)
 q - the ring "Enaom" (right tentacle) {Str+5 SInv}
   (You found it on level 3 of the Dungeon)

   [ring of see invisible]

   Str+5:     It affects your strength (+5).
   SInv:      It lets you see invisible.
 E - a +6 ring of strength (on tentacle)
   (You bought it in a shop on level 7 of the Dungeon)
 H - the ring of Qankypou (on tentacle) {*Slow rF+++ rCorr Dex+3}
   (You found it on level 7 of the Dungeon)

   [ring of resist corrosion]

   Dex+3:     It affects your dexterity (+3).
   rF+++:     It renders you almost immune to fire.
   rCorr:     It protects you from acid and corrosion.
   *Slow:     It may slow you when you take damage.
 I - a ring of positive energy (on tentacle) {rN+}
   (You found it on level 4 of the Lair of Beasts)
 P - a ring of protection from cold (on tentacle) {rC+, !d}
   (You found it in an ice cave)
Wands
 k - a wand of polymorph (32)
   (You found it on level 2 of the Dungeon)
 m - a wand of flame (14)
   (You found it on level 6 of the Dungeon)
 D - a wand of charming (22)
   (You found it on level 8 of the Dungeon)
Scrolls
 e - 7 scrolls of teleportation
 l - 3 scrolls of vulnerability {!r!r}
 r - 3 scrolls of torment {!r}
 s - 2 scrolls of immolation {!r}
 v - 4 scrolls of amnesia
 x - 2 scrolls of fog
 z - 4 scrolls of identify
 C - a scroll of blinking {!r}
 G - 2 scrolls of poison {!r}
 J - 2 scrolls of revelation
Potions
 c - a potion of magic
 f - 4 potions of degeneration {!q}
 i - 4 potions of ambrosia
 j - 2 potions of brilliance
 n - 3 potions of mutation {!q}
 p - 2 potions of cancellation
 u - 4 potions of attraction {!q}
 w - 11 potions of curing
 B - 2 potions of haste
 F - a potion of invisibility
 L - a potion of heal wounds
Miscellaneous
 M - a sack of spiders
   (You found it on level 5 of the Lair of Beasts)


   Skills:
 + Level 12.4 Fighting
 * Level 16.7 Axes
 + Level 12.4 Dodging
 - Level 10.3 Stealth
 + Level 12.3 Shields


You had 14 spell levels left.
You didn't know any spells.
Your spell library contained the following spells:

 Spells                   Type           Power      Damage    Failure   Level
 Apportation              Tloc           0%         N/A       58%         1
 Magic Dart               Conj           0%         1d3       58%         1
 Necrotise                Necr           0%         1d4       58%         1
 Jinxbite                 Hex            0%         N/A       73%         2
 Lesser Beckoning         Tloc           0%         N/A       73%         2
 Searing Ray              Conj           0%         2d4       73%         2
 Wereblood                Tmut           0%         N/A       73%         2
 Dazzling Flash           Conj/Hex       0%         N/A       91%         3
 Gell's Gravitas          Tloc           0%         N/A       91%         3
 Hailstorm                Conj/Ice       0%         3d3       91%         3
 Inner Flame              Hex/Fire       0%         N/A       91%         3
 Summon Guardian Golem    Hex/Summ       0%         N/A       91%         3
 Teleport Other           Tloc           0%         N/A       91%         3
 Vampiric Draining        Necr           0%         2d6       91%         3
 Volatile Blastmotes      Fire/Tloc      0%         2d10      91%         3
 Fulminant Prism          Conj/Hex       0%         3d5       100%        4
 Agony                    Necr           0%         N/A       100%        5
 Alistair's Intoxication  Tmut/Pois      0%         N/A       100%        5
 Irradiate                Conj/Tmut      0%         3d11      100%        5
 Metabolic Englaciation   Hex/Ice        0%         N/A       100%        5
 Starburst                Conj/Fire      0%         6d3       100%        6
 Orb of Destruction       Conj           0%         9d5       100%        7
 Spellforged Servitor     Conj/Summ      0%         N/A       100%        7
 Maxwell's Capacitive Co  Air            0%         ∞         100%        8


Dungeon Overview and Level Annotations

Branches:
Dungeon (11/15)            Temple (1/1) D:7            Lair (5/5) D:10
 Shoals (0/4) Lair:3       Spider (0/4) Lair:2        Slime (0/5) Lair:4
    Orc (2/2) D:11            Elf (0/3) Orc:2         IceCv (visited)
Gauntlet (visited)

Altars:
Ashenzari
Cheibriados
Dithmenos
Elyvilon
Fedhas
Gozag
Hepliaklqana
Kikubaaqudgha
Makhleb
Nemelex Xobeh
Okawaru
Qazlal
Ru
Sif Muna
Trog
Uskayaw
Vehumet
Wu Jian
Xom
Yredelemnul
Zin
The Shining One
Lugonu

Shops:
D:4 !*   D:5 (   D:6 ?   D:7 =

Portals:
Abyss: Lair:5

Annotations:
Lair:5 Flippered's ghost, journeyman TrCK


Innate Abilities, Weirdness & Mutations

You cannot wear most types of armour.
You are amphibious.
You can wear up to eight rings at the same time.
Your skin changes colour to match your surroundings (Stealth+).
Your rubbery body absorbs attacks. (AC +1, EV +1)
((You are camouflaged when in or above water. (Stealth+)))
You have tentacles for arms and can constrict up to eight enemies at once.
You are clumsy. (Dex -2)


Message History

There is a stone staircase leading up here.
You take 9 damage, and have 100/109 hp.
Warning x2: The orc sorcerer can cast Paralyse, Summon Demon, Animate Dead!
The neqoxec (summoned) can mutate you, and drain your Int!
You are not wearing SustAb!
You are not wearing rMut!
You block the orc's attack. The orc wizard casts a spell at you.
You are confused.
The orc warrior completely misses you.
In your confused state, you trip and fall back down the stairs.
The orc misses you.
Warning x2: The orc sorcerer can cast Paralyse, Summon Demon, Animate Dead!
The neqoxec (summoned) can mutate you, and drain your Int!
You are not wearing SustAb!
You are not wearing rMut!
Unknown command.
Warning x2: The orc sorcerer can cast Paralyse, Summon Demon, Animate Dead!
The neqoxec (summoned) can mutate you, and drain your Int!
You are not wearing SustAb!
You are not wearing rMut!
Unknown command.
Warning x2: The orc sorcerer can cast Paralyse, Summon Demon, Animate Dead!
The neqoxec (summoned) can mutate you, and drain your Int!
You are not wearing SustAb!
You are not wearing rMut!
You hit the neqoxec. Your squeeze misses the neqoxec.
The neqoxec is lightly wounded.
You hit the orc wizard. The neqoxec gestures at you.
Strange energies course through your body.
You feel clumsy. The orc closely misses you.
The orc wizard hits you with a +0 dagger.
You take 3 damage, and have 97/109 hp.
Warning x2: The orc sorcerer can cast Paralyse, Summon Demon, Animate Dead!
The neqoxec (summoned) can mutate you, and drain your Int!
You are not wearing SustAb!
You are not wearing rMut!
Found a roughly hewn altar of Beogh.
The red devil hits you with a +0 trident!
Barbed spikes become lodged in your body.
The neqoxec completely misses you. The orc attacks as it pursues you!
The orc misses you.
The orc sorcerer hits you with a +0 dagger.
The orc wizard barely misses you. The orc warrior closely misses you.
You take 18 damage, and have 79/109 hp.
Warning x2: The orc sorcerer can cast Paralyse, Summon Demon, Animate Dead!
The neqoxec (summoned) can mutate you, and drain your Int!
You are not wearing SustAb!
You are not wearing rMut!
Okay, then.
Warning x2: The orc sorcerer can cast Paralyse, Summon Demon, Animate Dead!
The neqoxec (summoned) can mutate you, and drain your Int!
You are not wearing SustAb!
You are not wearing rMut!
Unknown command.
Warning x2: The orc sorcerer can cast Paralyse, Summon Demon, Animate Dead!
The neqoxec (summoned) can mutate you, and drain your Int!
You are not wearing SustAb!
You are not wearing rMut!
Unknown command.
Warning x2: The orc sorcerer can cast Paralyse, Summon Demon, Animate Dead!
The neqoxec (summoned) can mutate you, and drain your Int!
You are not wearing SustAb!
You are not wearing rMut!
Unknown command.
Warning x2: The orc sorcerer can cast Paralyse, Summon Demon, Animate Dead!
The neqoxec (summoned) can mutate you, and drain your Int!
You are not wearing SustAb!
You are not wearing rMut!
Okay, then.
Warning x2: The orc sorcerer can cast Paralyse, Summon Demon, Animate Dead!
The neqoxec (summoned) can mutate you, and drain your Int!
You are not wearing SustAb!
You are not wearing rMut!
Unknown command.
Warning x2: The orc sorcerer can cast Paralyse, Summon Demon, Animate Dead!
The neqoxec (summoned) can mutate you, and drain your Int!
You are not wearing SustAb!
You are not wearing rMut!
Unknown command.
Warning x2: The orc sorcerer can cast Paralyse, Summon Demon, Animate Dead!
The neqoxec (summoned) can mutate you, and drain your Int!
You are not wearing SustAb!
You are not wearing rMut!
Unknown command.
Warning x2: The orc sorcerer can cast Paralyse, Summon Demon, Animate Dead!
The neqoxec (summoned) can mutate you, and drain your Int!
You are not wearing SustAb!
You are not wearing rMut!
You hit the red devil.
The red devil is lightly wounded.
You slash the orc wizard!
You kill the orc wizard!
You barely miss the orc sorcerer. You closely miss the neqoxec.
The red devil closely misses you.
The neqoxec hits you but does no damage.
The orc sorcerer points at you and mumbles some strange words.
The bolt of fire misses you. The orc completely misses you.
The orc warrior hits you from afar with a +0 halberd.
You take 4 damage, and have 75/109 hp.
Warning x2: The orc sorcerer can cast Paralyse, Summon Demon, Animate Dead!
The neqoxec (summoned) can mutate you, and drain your Int!
You are not wearing SustAb!
You are not wearing rMut!
Unknown command.
Warning x2: The orc sorcerer can cast Paralyse, Summon Demon, Animate Dead!
The neqoxec (summoned) can mutate you, and drain your Int!
You are not wearing SustAb!
You are not wearing rMut!
Unknown command.
Warning x2: The orc sorcerer can cast Paralyse, Summon Demon, Animate Dead!
The neqoxec (summoned) can mutate you, and drain your Int!
You are not wearing SustAb!
You are not wearing rMut!
You slice the orc sorcerer!!
You squeeze the orc sorcerer, but do no damage.
The orc sorcerer is severely wounded.
You barely miss the neqoxec. You completely miss the red devil.
The red devil misses you. The neqoxec barely misses you.
The orc sorcerer gestures at you while chanting.
You suddenly lose the ability to move!
The orc hits you from afar with a +5 trident of venom!
You are poisoned.
An orc priest comes into view. It is wielding a +0 club.
The orc warrior barely misses you.
You feel very sick. The red devil barely misses you.
The neqoxec hits you but does no damage.
The orc sorcerer casts a spell at you. You resist with some effort.
The orc hits you from afar with a +5 trident of venom.
You are more poisoned.
An orc comes into view. It is wielding a +0 dagger.
The orc warrior hits you from afar with a +0 halberd!
You feel less confused.
You feel very sick.
The orc shouts!
The red devil hits you with a +0 trident!!
* * * LOW HITPOINT WARNING * * *
Barbed spikes become lodged in your body.
The neqoxec hits you!
* * * LOW HITPOINT WARNING * * *
The orc sorcerer is distracted by your dazzling golden aura.
The orc hits you from afar with a +5 trident of venom!
* * * LOW HITPOINT WARNING * * *
You are more poisoned.
The orc warrior hits you from afar with a +0 halberd!
You die...
Your body crumbles into a pile of gold.

#..o.o......#
...>.......#..#
#..............
#..............
#..............
#..............
#..............
#....oo4.......
#....o3@.......
#....$<$......_
#..............
#...............
#.....$........o
#................
#......##......o.
##..... ......#..
#..... ..#.#.


You could see a neqoxec (summoned), an orc sorcerer (unaware), a red devil
(summoned), an orc warrior, an orc priest (wandering) and 2 orcs.

Vanquished Creatures
  Nessos (Lair:5)
  The ghost of MrCrawl the Thaumaturge, a journeyman DrFE of Vehumet (Lair:4)
  Fannar (Lair:3)
  6 hydras
  Erica (Lair:2)
  An orc high priest (Orc:1)
  19 death yaks
  3 thrashing horrors (Lair:5)
  2 skysharks (Lair:5)
  4 lindwurms (Lair:3)
  A necromancer (IceCv)
  An orc knight (Orc:1)
  2 cyclopes (D:11)
  3 ugly things
  A manticore (D:11)
  6 elephants
  3 black mambas
  A torpor snail (Lair:4)
  An ice statue (IceCv)
  4 smoke demons (Lair:5)
  14 cane toads
  12 rime drakes
  A yaktaur (shapeshifter) (Lair:5)
  14 ice devils (IceCv)
  2 freezing wraiths (IceCv)
  13 komodo dragons
  An anaconda simulacrum (IceCv)
  A queen bee (shapeshifter) (Lair:5)
  2 polar bears (Lair:3)
  3 trolls
  2 raiju (Lair:5)
  A snapping turtle (Lair:3)
  11 dream sheep (Lair:5)
  24 blink frogs
  2 ynoxinuls (Lair:5)
  A shadow (D:9)
  5 wyverns
  2 dire elephant simulacra (IceCv)
  53 yaks
  2 vampires
  A wraith (D:9)
  A water elemental (Lair:3)
  8 basilisks
  A chaos spawn (Lair:5)
  4 steam dragons
  A vampire mosquito (D:11)
  3 wargs (D:10)
  10 small abominations (Lair:5)
  4 death yak simulacra (IceCv)
  A large abomination (Lair:5)
  17 water moccasins
  2 harpy simulacra (IceCv)
  3 acid dragons (D:11)
  A hydra simulacrum (IceCv)
  7 orc warriors
  4 black bears
  2 sky beasts
  2 ogres
  2 ice beasts (D:7)
  5 centaurs
  18 wolves
  A phantom (D:6)
  A kobold brigand (D:8)
  Blork the orc (D:5)
  13 bullfrogs
  2 gnoll sergeants
  4 cane toad simulacra (IceCv)
  A two-headed ogre simulacrum (IceCv)
  3 scorpions
  5 wights (D:9)
  2 elephant simulacra (IceCv)
  17 killer bees
  4 electric eels
  4 howler monkeys
  9 orc priests
  4 hounds
  A sleepcap (D:7)
  6 jellies
  2 gnoll boudas
  5 hell rats (Lair:1)
  2 iguanas
  11 orc wizards
  A spriggan simulacrum (IceCv)
  4 polar bear simulacra (IceCv)
  A troll simulacrum (IceCv)
  6 wolf simulacra (IceCv)
  21 gnolls
  21 river rats
  8 adders
  2 shadow imps
  2 white imps
  2 ufetubi (IceCv)
  3 worms
  4 dart slugs
  26 orcs
  12 endoplasms
  2 giant cockroaches
  5 goblins
  8 hobgoblins
  2 jackals (D:4)
  14 kobolds
  14 quokkas
  7 ball pythons
  15 bats
  2 frilled lizards (D:2)
  27 rats
632 creatures vanquished.

Notes
Turn   | Place    | Note
-------+----------+-------------------------------------------
     0 | D:1      | Mgcat the Octopode Fighter began the quest for the Orb.
     0 | D:1      | Reached XP level 1. HP: 16/16 MP: 1/1
   111 | D:1      | Reached skill level 1 in Stealth
   142 | D:1      | Reached XP level 2. HP: 21/21 MP: 2/2
   615 | D:2      | Reached XP level 3. HP: 26/26 MP: 3/3
   644 | D:2      | Reached skill level 2 in Stealth
   968 | D:2      | Reached XP level 4. HP: 31/31 MP: 4/4
   999 | D:2      | You fall into a shaft and drop 1 floor!
  1245 | D:3      | Identified the ring "Enaom" {Str+5 SInv}
  1284 | D:3      | Reached skill level 3 in Axes
  1965 | D:2      | Reached skill level 3 in Stealth
  1965 | D:2      | Reached XP level 5. HP: 36/36 MP: 5/5
  2585 | D:4      | Found Retwomos's Overcharged Wands.
  2737 | D:4      | Reached XP level 6. HP: 43/43 MP: 6/6
  2839 | D:4      | Noticed a black bear
  2871 | D:4      | Found Vinu's Distillery.
  2874 | D:4      | Bought a potion of heal wounds for 60 gold pieces
  2874 | D:4      | Bought a potion of curing for 36 gold pieces
  2874 | D:4      | Bought a potion of might for 48 gold pieces
  3114 | D:5      | Entered Level 5 of the Dungeon
  3204 | D:5      | Reached skill level 4 in Stealth
  3229 | D:5      | Reached skill level 4 in Axes
  3272 | D:5      | Noticed Blork the orc
  3339 | D:5      | Found a stormy altar of Qazlal.
  3379 | D:5      | Found a sparkling altar of Nemelex Xobeh.
  3404 | D:5      | Noticed a black bear
  3548 | D:5      | Killed a black bear
  3549 | D:5      | Reached skill level 4 in Fighting
  3549 | D:5      | Reached skill level 4 in Dodging
  3549 | D:5      | Reached XP level 7. HP: 41/48 MP: 7/7
  3594 | D:5      | Reached skill level 5 in Stealth
  3594 | D:5      | Reached skill level 4 in Shields
  3771 | D:5      | Found Dokagah's Antique Weapon Shoppe.
  3968 | D:5      | Killed Blork the orc
  4173 | D:4      | Reached skill level 5 in Axes
  4300 | D:5      | Reached XP level 8. HP: 39/54 MP: 8/8
  4536 | D:6      | Found Fuceolyun's Magic Scroll Shop.
  5027 | D:7      | Identified the of Cuegidgh
  5078 | D:7      | Reached skill level 5 in Fighting
  5078 | D:7      | Reached skill level 6 in Axes
  5078 | D:7      | Reached skill level 5 in Dodging
  5078 | D:7      | Reached skill level 5 in Shields
  5340 | D:7      | Found Moppy's Jewellery Shop.
  6119 | D:8      | Reached XP level 9. HP: 61/61 MP: 9/9
  6442 | D:8      | Reached skill level 7 in Axes
  6442 | D:8      | Reached skill level 6 in Stealth
  7052 | D:8      | HP: 14/62 [poisoned by a killer bee]
  7057 | D:8      | HP: 6/62 [poisoned by a killer bee]
  7479 | D:8      | Reached skill level 6 in Fighting
  7479 | D:8      | Reached skill level 6 in Dodging
  7571 | D:7      | Reached skill level 6 in Shields
  7809 | D:7      | Found a staircase to the Ecumenical Temple.
  7899 | Temple   | Entered the Ecumenical Temple
  7927 | Temple   | Became a worshipper of Gozag Ym Sagoz the Greedy
  8016 | D:7      | Reached skill level 7 in Stealth
  8064 | D:7      | Reached skill level 8 in Axes
  8097 | D:7      | Identified the ring of Qankypou {*Slow rF+++ rCorr Dex+3}
  8490 | D:7      | Reached XP level 10. HP: 48/69 MP: 10/10
  9428 | D:9      | Reached skill level 8 in Stealth
  9572 | D:8      | HP: 14/69 [yak (18)]
  9576 | D:8      | Reached skill level 9 in Axes
  9810 | D:9      | Reached skill level 7 in Fighting
  9810 | D:9      | Reached skill level 7 in Dodging
 10222 | D:9      | Reached skill level 7 in Shields
 10466 | D:9      | Upgraded the game from 0.31-a0-960-g0fca184906 to
                  | 0.31-a0-963-ga325b2283a
 10505 | D:9      | Found a hazy altar of Hepliaklqana.
 10505 | D:9      | Found an ancient bone altar of Kikubaaqudgha.
 10879 | D:7      | Bought a +5 ring of evasion for 432 gold pieces
 10943 | D:10     | Entered Level 10 of the Dungeon
 11316 | D:10     | Reached skill level 10 in Axes
 11316 | D:10     | Reached XP level 11. HP: 66/75 MP: 11/11
 11371 | D:10     | Found a staircase to the Lair.
 12254 | D:10     | Found a staircase to the Lair.
 12768 | Lair:1   | Entered Level 1 of the Lair of Beasts
 12847 | Lair:1   | Found a gate leading to a gauntlet.
 12856 | Gauntlet | Entered a Gauntlet
 12856 | Gauntlet | Noticed an arcanist
 12856 | Gauntlet | Noticed an occultist
 12856 | Gauntlet | Noticed a sixfirhy
 12856 | Gauntlet | Found a transporter.
 12856 | Gauntlet | Found a transporter.
 12857 | Gauntlet | Found a transporter.
 12857 | Gauntlet | Found a transporter.
 12860 | Gauntlet | Found a transporter.
 12865 | Gauntlet | Noticed a hell beast
 12866 | Gauntlet | Noticed a shining eye
 12870 | Gauntlet | Found a transporter.
 12884 | Gauntlet | Found a transporter.
 12892 | Gauntlet | Found a transporter.
 12909 | Gauntlet | Found a transporter.
 12917 | Gauntlet | Found a transporter.
 12934 | Gauntlet | Found a transporter.
 12988 | Gauntlet | Found a transporter.
 13436 | Lair:1   | Reached skill level 8 in Fighting
 13436 | Lair:1   | Reached skill level 8 in Dodging
 13482 | Lair:1   | Reached skill level 8 in Shields
 13581 | D:7      | Bought a +6 ring of strength for 432 gold pieces
 13830 | Lair:1   | Reached skill level 11 in Axes
 13893 | Lair:1   | HP: 17/74 [komodo dragon (33)]
 13899 | Lair:1   | Reached skill level 9 in Stealth
 14599 | Lair:1   | Reached XP level 12. HP: 84/84 MP: 12/12
 15205 | Lair:2   | Noticed Erica
 15205 | Lair:2   | Found a hole to the Spider Nest.
 15210 | Lair:2   | Killed Erica
 15395 | Lair:2   | Reached skill level 10 in Stealth
 15455 | Lair:2   | Reached skill level 12 in Axes
 15599 | Lair:2   | Reached skill level 9 in Dodging
 15604 | Lair:2   | Reached skill level 9 in Fighting
 15861 | Lair:2   | Reached skill level 9 in Shields
 16563 | Lair:2   | Found a hole to the Spider Nest.
 17817 | Lair:3   | Found a staircase to the Shoals.
 18032 | Lair:3   | Reached skill level 13 in Axes
 18032 | Lair:3   | Reached XP level 13. HP: 91/91 MP: 13/13
 18563 | Lair:3   | Noticed Fannar
 18574 | Lair:3   | Killed Fannar
 18736 | Lair:3   | Reached skill level 10 in Fighting
 18736 | Lair:3   | Reached skill level 10 in Dodging
 19054 | Lair:3   | Reached skill level 10 in Shields
 20001 | Lair:4   | Found a staircase to the Slime Pits.
 20031 | Lair:4   | Reached skill level 14 in Axes
 20282 | Lair:4   | HP: 17/93 [five-headed hydra (14)]
 21268 | Lair:4   | Found a runed translucent door.
 21268 | Lair:4   | Noticed MrCrawl's ghost (journeyman DrFE)
 21388 | Lair:4   | Reached XP level 14. HP: 69/99 MP: 14/14
 21906 | Lair:4   | Reached skill level 11 in Fighting
 21906 | Lair:4   | Reached skill level 11 in Dodging
 21929 | Lair:4   | Reached skill level 11 in Shields
 21932 | Lair:4   | HP: 24/101 [death yak (13)]
 21939 | Lair:4   | HP: 15/101 [death yak (26)]
 21941 | Lair:4   | HP: 7/101 [death yak (9)]
 21946 | Lair:4   | Reached skill level 15 in Axes
 22729 | Lair:4   | Killed MrCrawl's ghost
 22798 | Lair:5   | Entered Level 5 of the Lair of Beasts
 23011 | Lair:5   | Found an iron altar of Okawaru.
 23190 | Lair:5   | Found a runed translucent gate.
 23190 | Lair:5   | Found a runed translucent gate.
 23190 | Lair:5   | Found a runed translucent gate.
 23666 | Lair:5   | Noticed Nessos
 23668 | Lair:5   | Killed Nessos
 24373 | Lair:5   | Identified the +5 great sword of Somewhere Else {heavy, rC+
                  | Str+3 Int+4 Dex-4}
 24732 | Lair:5   | Reached skill level 16 in Axes
 24818 | Lair:5   | Reached XP level 15. HP: 93/108 MP: 15/15
 24943 | Lair:5   | Found a corrupted altar of Lugonu.
 24943 | Lair:5   | Found a one-way gate to the infinite horrors of the Abyss.
 25455 | Lair:5   | Noticed Flippered's ghost (journeyman TrCK)
 25976 | Lair:5   | Reached skill level 12 in Fighting
 25976 | Lair:5   | Reached skill level 12 in Dodging
 25994 | Lair:5   | Identified the +4 scimitar of Raw Kudd {heavy, rCorr}
 26125 | Lair:5   | Found an iron altar of Okawaru.
 26372 | D:11     | Found a frozen archway.
 26430 | IceCv    | Entered an ice cave
 26434 | IceCv    | HP: 25/108 [death yak simulacrum (14)]
 26735 | IceCv    | Reached skill level 12 in Shields
 26792 | IceCv    | Found an ancient bone altar of Kikubaaqudgha.
 28172 | D:11     | Found a staircase to the Orcish Mines.
 28257 | Orc:1    | Entered Level 1 of the Orcish Mines
 28535 | Orc:2    | Entered Level 2 of the Orcish Mines
 28536 | Orc:2    | Found a staircase to the Elven Halls.
 28704 | D:6      | Bought a scroll of enchant weapon for 105 gold pieces
 28842 | Orc:2    | Gained mutation: You are clumsy. (Dex -2) [a neqoxec]
 28845 | Orc:2    | Paralysed by an orc sorcerer for 5 turns
 28847 | Orc:2    | HP: 25/109 [red devil/+0 trident[an orc sorcerer] (20)]
 28847 | Orc:2    | HP: 7/109 [orc/+5 trident of venom (8)]
 28847 | Orc:2    | Mangled by an orc warrior

Illustrated notes

Levels and vault maps discovered:
D:1:      dpeg_arrival_simpleton_c, layout_basic
D:2:      minmay_door_path, layout_basic, st_stairs_5, minmay_tromino_i2
D:3:      layout_basic
D:4:      layout_basic, serial_shops, nicolae_shop_real_fake_doors,
          serial_corexii_hall, chequers_hall_statues_corner_a,
          corexii_hall_statues_i, corexii_hall_statues_l,
          corexii_hall_statues_x, nicolae_shop_overcharged_wands
D:5:      layout_rooms, chequers_temple_overflow_statue_of_worship,
          serial_shops, shop, uniq_blork_the_orc
D:6:      layout_basic, serial_shops, shop, serial_bayou_pond_e
D:7:      layout_basic, temple_green, serial_shops, shop, minmay_alternating_orb
D:8:      layout_loops_corners, minmay_stone_trees_medium, roderic_batcave,
          dk_rats_in_the_wall
D:9:      layout_cave_pools, gammafunk_temple_overflow_elements,
          serial_column_ruins, column_ruins_hut_ruined,
          column_ruins_open_medium, column_ruins_open_tiny, column_ruins_grid_3
D:10:     layout_long_grid, erik_lair_orcish_takeover
D:11:     layout_irregular_city, orc_0_dummy, portal_ice_cave_rime,
          kennysheep_kite_vault
Temple:   mainiacjoe_temple_bowtie_tessellation
Lair:1:   lemuel_ratsnest, layout_gridlike, gauntlet_entry_generic,
          serial_bayou_pond_b
Lair:2:   layout_gridlike, spider_nest_entry_web_field, serial_bayou_shore_a,
          lemuel_fruit_tree, uniq_erica
Lair:3:   layout_cellular_growth, minmay_shoals_entry_hut, minmay_lindwurm_lava,
          uniq_fannar
Lair:4:   layout_regular_city, nicolae_slime_entry_slimehenge,
          hellmonk_ghost_happy_afterlife, minmay_lair_drake_nest
Lair:5:   hellmonk_lair_end_abyssal_woods, layout_small_grid, basic_altar,
          gammafunk_ghost_hydra_chop, uniq_nessos
Orc:1:    layout_caves
Orc:2:    kennysheep_orc_mage_school, layout_caves, basic_altar,
          statue_in_the_mist_lemuel, uniq_donald

Skill      XL: |  1  2  3  4  5  6  7  8  9 10 11 12 13 14 15 |
---------------+----------------------------------------------+-----
Stealth        | 1 2 3 4 5 7 8 9 10 | 10.3
Axes           | 3 4 5 6 8 10 11 13 14 16 | 16.7
Fighting       | 4 5 6 7 8 9 10 11 12 | 12.4
Dodging        | 4 5 6 7 8 9 10 11 12 | 12.4
Shields        | 4 5 6 7 8 9 10 11 12 | 12.3

Action                     |  1- 3 |  4- 6 |  7- 9 | 10-12 | 13-15 || total
---------------------------+-------+-------+-------+-------+-------++-------
  Melee: War axe           |    53 |    94 |   243 |   511 |   801 ||  1702
         Constrict         |    12 |    19 |    47 |    72 |    82 ||   232
         Tentacles         |     6 |    18 |    50 |   138 |   217 ||   429
         Punch             |     1 |     1 |     6 |     9 |    13 ||    30
         Broad axe         |       |       |       |       |     9 ||     9
  Throw: Stone             |       |     4 |    11 |    54 |    69 ||   138
 Invoke: Potion Petition   |       |       |       |       |     4 ||     4
  Evoke: Wand              |       |       |       |    25 |    18 ||    43
    Use: Scroll            |       |     5 |    14 |     9 |    14 ||    42
         Potion            |       |     1 |     4 |     6 |     8 ||    19
   Stab: Sleeping          |     9 |    10 |     7 |    10 |     5 ||    41
         Distracted        |       |       |     2 |     5 |     6 ||    13
 Armour: Skin              |    17 |    28 |    93 |   112 |   190 ||   440
  Dodge: Dodged            |    35 |    36 |   123 |   167 |   295 ||   656
  Block: Buckler           |     6 |    18 |   105 |   231 |   271 ||   631
         Reflection        |       |       |     1 |     2 |    10 ||    13
         Tower shield      |       |       |       |       |   133 ||   133

Table legend: (Time is in decaauts)
 A = Elapsed time spent in this place.
 B = Non-inter-level travel time spent in this place.
 C = Inter-level travel time spent in this place.
 D = Time resting spent in this place.
 E = Time spent auto-exploring this place.
 F = Levels seen in this place.
 G = Mean time per level.
                   A        B        C        D        E       F      G
               +--------+--------+--------+--------+--------+-----+--------+
         Total |  28760 |  26769 |   1991 |   6566 |  14640 |  21 | 1369.5 |
       Dungeon |  14095 |  12708 |   1387 |   2762 |   7470 |  11 | 1281.4 |
        Temple |     53 |      1 |     52 |      0 |      0 |   1 |   53.0 |
          Lair |  13040 |  12527 |    513 |   3540 |   6367 |   5 | 2608.0 |
  Orcish Mines |    360 |    322 |     38 |      5 |    207 |   2 |  180.0 |
      Ice Cave |   1011 |   1011 |      0 |    258 |    425 |   1 | 1011.0 |
      Gauntlet |    198 |    198 |      0 |      0 |    171 |   1 |  198.0 |
               +--------+--------+--------+--------+--------+-----+--------+

Top non-repeatable levels by time:
  Lair:5: 3196 daAuts
  Lair:3: 3147 daAuts
  Lair:4: 2689 daAuts
     D:8: 2528 daAuts
     D:7: 2330 daAuts
  Lair:1: 2077 daAuts
  Lair:2: 1930 daAuts
    D:10: 1871 daAuts
     D:9: 1234 daAuts
     D:4: 1146 daAuts
   IceCv: 1011 daAuts
     D:5: 995 daAuts
     D:3: 922 daAuts
    D:11: 873 daAuts
     D:6: 823 daAuts

Levels and vault maps discovered:
D:1:      dpeg_arrival_simpleton_c, layout_basic
D:2:      minmay_door_path, layout_basic, st_stairs_5, minmay_tromino_i2
D:3:      layout_basic
D:4:      layout_basic, serial_shops, nicolae_shop_real_fake_doors,
          serial_corexii_hall, chequers_hall_statues_corner_a,
          corexii_hall_statues_i, corexii_hall_statues_l,
          corexii_hall_statues_x, nicolae_shop_overcharged_wands
D:5:      layout_rooms, chequers_temple_overflow_statue_of_worship,
          serial_shops, shop, uniq_blork_the_orc
D:6:      layout_basic, serial_shops, shop, serial_bayou_pond_e
D:7:      layout_basic, temple_green, serial_shops, shop, minmay_alternating_orb
D:8:      layout_loops_corners, minmay_stone_trees_medium, roderic_batcave,
          dk_rats_in_the_wall
D:9:      layout_cave_pools, gammafunk_temple_overflow_elements,
          serial_column_ruins, column_ruins_hut_ruined,
          column_ruins_open_medium, column_ruins_open_tiny, column_ruins_grid_3
D:10:     layout_long_grid, erik_lair_orcish_takeover
D:11:     layout_irregular_city, orc_0_dummy, portal_ice_cave_rime,
          kennysheep_kite_vault
Temple:   mainiacjoe_temple_bowtie_tessellation
Lair:1:   lemuel_ratsnest, layout_gridlike, gauntlet_entry_generic,
          serial_bayou_pond_b
Lair:2:   layout_gridlike, spider_nest_entry_web_field, serial_bayou_shore_a,
          lemuel_fruit_tree, uniq_erica
Lair:3:   layout_cellular_growth, minmay_shoals_entry_hut, minmay_lindwurm_lava,
          uniq_fannar
Lair:4:   layout_regular_city, nicolae_slime_entry_slimehenge,
          hellmonk_ghost_happy_afterlife, minmay_lair_drake_nest
Lair:5:   hellmonk_lair_end_abyssal_woods, layout_small_grid, basic_altar,
          gammafunk_ghost_hydra_chop, uniq_nessos
Orc:1:    layout_caves
Orc:2:    kennysheep_orc_mage_school, layout_caves, basic_altar,
          statue_in_the_mist_lemuel, uniq_donald

Table legend: (Time is in decaauts)
 A = Elapsed time spent in this place.
 B = Non-inter-level travel time spent in this place.
 C = Inter-level travel time spent in this place.
 D = Time resting spent in this place.
 E = Time spent auto-exploring this place.
 F = Levels seen in this place.
 G = Mean time per level.
                   A        B        C        D        E       F      G
               +--------+--------+--------+--------+--------+-----+--------+
         Total |  28760 |  26769 |   1991 |   6566 |  14640 |  21 | 1369.5 |
       Dungeon |  14095 |  12708 |   1387 |   2762 |   7470 |  11 | 1281.4 |
        Temple |     53 |      1 |     52 |      0 |      0 |   1 |   53.0 |
          Lair |  13040 |  12527 |    513 |   3540 |   6367 |   5 | 2608.0 |
  Orcish Mines |    360 |    322 |     38 |      5 |    207 |   2 |  180.0 |
      Ice Cave |   1011 |   1011 |      0 |    258 |    425 |   1 | 1011.0 |
      Gauntlet |    198 |    198 |      0 |      0 |    171 |   1 |  198.0 |
               +--------+--------+--------+--------+--------+-----+--------+

Top non-repeatable levels by time:
  Lair:5: 3196 daAuts
  Lair:3: 3147 daAuts
  Lair:4: 2689 daAuts
     D:8: 2528 daAuts
     D:7: 2330 daAuts
  Lair:1: 2077 daAuts
  Lair:2: 1930 daAuts
    D:10: 1871 daAuts
     D:9: 1234 daAuts
     D:4: 1146 daAuts
   IceCv: 1011 daAuts
     D:5: 995 daAuts
     D:3: 922 daAuts
    D:11: 873 daAuts
     D:6: 823 daAuts

Table legend:
 A = Kills in this place as a percentage of kills in the entire game.
 B = Kills by you in this place as a percentage of kills by you in the entire game.
 C = Kills by friends in this place as a percentage of kills by friends in the entire game.
 D = Other kills in this place as a percentage of other kills in the entire game.
 E = Experience gained in this place as a percentage of experience gained in the entire game.
 F = Experience gained in this place divided by the number of levels of this place that you have seen.
                   A       B       C       D       E      F
               +-------+-------+-------+-------+-------+----------------------
         Total | 100.0 | 100.0 |   N/A |   N/A | 100.0 | 5229.7
       Dungeon |  43.2 |  43.2 |   N/A |   N/A |  13.8 | 1374.9
          Lair |  46.0 |  46.0 |   N/A |   N/A |  75.0 | 16470.2
  Orcish Mines |   2.7 |   2.7 |   N/A |   N/A |   2.2 | 1214.5
      Ice Cave |   8.1 |   8.1 |   N/A |   N/A |   9.0 | 9919.0
               +-------+-------+-------+-------+-------+----------------------
